 Dungeon Crawl Stone Soup version 0.24-a0-235-g3f03afc (webtiles) character file.

Game seed: 17919408227848554045

46302 JeffiDaFish the Bewitcher (level 14, 0/59 HPs)
             Began as a Spriggan Enchanter on Apr 8, 2019.
             Was a High Priest of Sif Muna.
             Slain by a death yak (28 damage)
             ... on level 6 of the Lair of Beasts on Apr 9, 2019.
             The game lasted 01:26:14 (20957 turns).

JeffiDaFish the Bewitcher (Spriggan Enchanter)     Turns: 20957, Time: 01:26:15

Health: 0/59       AC:  5    Str:  3    XL:     14   Next: 4%
Magic:  19/47      EV: 26    Int: 23    God:    Sif Muna [*****.]
Gold:   965        SH:  7    Dex: 18    Spells: 13/44 levels left

rFire    . . .     SeeInvis +   o - +7 dagger
rCold    . . .     Gourm    .   P - +0 buckler
rNeg     . . .     Faith    .   F - +0 steam dragon scales
rPois    .         Spirit   .   K - +0 hat
rElec    .         Reflect  .   (no cloak)
rCorr    .         Harm     .   (gloves unavailable)
MR       ++...                  (boots unavailable)
Stlth    ++++++....             m - amulet of magic regeneration
HPRegen  0.19/turn              A - +4 ring of intelligence
MPRegen  0.55/turn              t - ring of magical power

@: very quick
A: very small, unfitting armour, claws 1, talons 1, see invisible, herbivore,
speed 3, high mp 1, slow metabolism 2, weak 1
a: Divine Energy, Channel Magic, Forget Spell, Renounce Religion


You were on level 6 of the Lair of Beasts.
You worshipped Sif Muna.
Sif Muna was extremely pleased with you.
You were hungry.

You visited 2 branches of the dungeon, and saw 16 of its levels.
You also visited: Sewer and Volcano.

You collected 1316 gold pieces.
You spent 351 gold pieces at shops.

Inventory:

Hand Weapons
 o - a +7 dagger (weapon)
 N - a +2 rapier of draining
Armour
 F - +0 steam dragon scales (worn)
 H - a +2 robe of cold resistance
 K - a +0 hat (worn)
 L - a +1 robe of fire resistance
 P - a +0 buckler (worn)
Magical Staves
 h - an uncursed staff of power
 D - an uncursed staff of death
Jewellery
 g - an uncursed ring of flight
 m - an amulet of magic regeneration (around neck)
 t - a ring of magical power (right claw)
 v - an uncursed ring of protection from cold
 A - a +4 ring of intelligence (left claw)
 I - a +3 ring of protection
 M - an uncursed ring of poison resistance
Wands
 f - a wand of disintegration (11)
 p - a wand of scattershot (4)
 x - a wand of iceblast (7)
 y - a wand of paralysis (22)
Scrolls
 b - a scroll of blinking
 c - 8 scrolls of remove curse
 i - 4 scrolls of immolation
 j - 2 scrolls of magic mapping
 l - 2 scrolls of fear
 s - 11 scrolls of identify
 z - 3 scrolls of teleportation
 B - a scroll of fog
 E - 3 scrolls of amnesia
 Q - 2 scrolls of holy word
Potions
 a - 5 potions of heal wounds
 e - 9 potions of curing
 k - 4 potions of flight
 n - 5 potions of might
 q - 5 potions of agility
 r - 3 potions of brilliance
 u - a potion of magic
 w - a potion of invisibility
 C - 2 potions of lignification {unknown}
 J - 2 potions of resistance
 R - a potion of haste
Comestibles
 d - 31 rations


   Skills:
 + Level 6.0 Short Blades
 - Level 10.2 Dodging
 * Level 15.5 Stealth
 - Level 4.0 Shields
 * Level 15.8 Spellcasting
 * Level 16.4 Hexes
 + Level 1.6 Translocations
   Level 2.8 Poison Magic


You had 13 spell levels left.
You knew the following spells:

 Your Spells              Type           Power        Failure   Level  Hunger
a - Corona                Hex            #######      0%          1    None
b - Ensorcelled Hibernat  Hex/Ice        ######       1%          2    None
c - Confuse               Hex            #######.     0%          3    None
d - Dazzling Spray        Conj/Hex       ######       1%          3    None
e - Force Lance           Conj/Tloc      ###.....     26%         4    None
f - Metabolic Englaciati  Hex/Ice        ######....   3%          5    ##.....
g - Summon Mana Viper     Hex/Summ       ######..     3%          5    ##.....
h - Discord               Hex            #######...   30%         8    #######

Your spell library contained the following spells:

 Spells                   Type           Power        Failure   Level  Hunger
 Tukima's Dance           Hex            #######.     0%          3    None
 Portal Projectile        Hex/Tloc       ######       1%          3    None
 Fulminant Prism          Conj/Hex       ######....   1%          4    None
 Magic Dart               Conj           ###.         3%          1    None
 Shock                    Conj/Air       ###.         3%          1    None
 Summon Small Mammal      Summ           ###.         3%          1    None
 Yara's Violent Unravell  Hex/Tmut       ######....   3%          5    ##.....
 Searing Ray              Conj           ###...       6%          2    None
 Swiftness                Chrm/Air       ###.....     6%          2    None
 Mephitic Cloud           Conj/Pois/Air  ###.....     8%          3    None
 Static Discharge         Conj/Air       ###.....     12%         3    None
 Airstrike                Air            ###.......   36%         4    None
 Ice Form                 Ice/Tmut       ###.....     36%         4    None
 Iskenderun's Mystic Bla  Conj           ###.....     36%         4    None
 Summon Lightning Spire   Summ/Air       ###.....     36%         4    None
 Venom Bolt               Conj/Pois      ###.......   52%         5    ##.....
 Bolt of Magma            Conj/Fire/Erth ###.......   71%         5    ##.....
 Iskenderun's Battlesphe  Conj/Chrm      ###.....     71%         5    ##.....
 Lightning Bolt           Conj/Air       ###.......   71%         5    ##.....
 Iron Shot                Conj/Erth      ###.......   99%         6    ####...
 Orb of Destruction       Conj           ###.......   100%        7    ######.
 Spellforged Servitor     Conj/Summ      ###.......   100%        7    ######.
 Chain Lightning          Conj/Air       ###.......   100%        8    #######


Dungeon Overview and Level Annotations

Branches:
Dungeon (10/15)            Temple (0/1) D:7            Lair (6/6) D:9
  Swamp (0/4) Lair:2       Spider (0/4) Lair:4        Slime (0/5) Lair:5
    Orc: D:9-12

Altars:
Ashenzari
Dithmenos
Kikubaaqudgha
Okawaru
Sif Muna
Vehumet
Wu Jian
Xom
Zin
The Shining One
Jiyva

Shops:
D:10 =

Annotations:
D:4 1 runed translucent door
D:8 exclusion: statue
D:10 exclusions: ice statue and orange crystal statue


Innate Abilities, Weirdness & Mutations

You are very small and have problems with some larger weapons.
You are too small for most types of armour.
You have supernaturally acute eyesight. (SInv)
You are a herbivore.
You cover ground extremely quickly.
You need to consume almost no food.
You have sharp fingernails.
You have sharp toenails.
You have an increased reservoir of magic. (+10% MP)
You are weak. (Str -2)


Message History

A mana viper appears with a sibilant hiss.
Your mana viper bites the death yak but does no damage.
You block the death yak's attack. The death yak closely misses you.
You block the death yak's attack.
Casting: Summon Mana Viper (safe; 3% risk of failure)
Confirm with . or Enter, or press ? or * to list all spells.
Aiming: Dazzling Spray (safe; 1% risk of failure)
Press: ? - help, Shift-Dir - straight line, f/p - death yak
Aim: a death yak (heavily wounded)
The spray of energy hits the death yak!
The death yak is heavily wounded.
The spray of energy hits the death yak.
The death yak is almost dead.
The spray of energy hits the plant!
The plant is lightly damaged.
Your mana viper bites the death yak.
The death yak gores you!!
Your mana viper bites the death yak!
Your mana viper bites the death yak but does no damage.
You block the death yak's attack. The death yak gores you!!
You die...

...(..................###
...#Y........♣........#.#
....P.........♣≈≈P.....##
...P....P..P.P.≈.≈≈...##
...............≈≈≈♣....##
...............P...P..#.#
......................###
...†#.........#Y....P..##
..............)Y@.......#
.....#..#.#...S.YS.#P†.##
.......................#
#..#........###....#..##
.P.........#....†.P##.#
...............P......##
.P...P.....P..P#.......#
..............P........#
..P#.......#...........#


You could see 3 death yaks and 2 friendly mana vipers.

Vanquished Creatures
  Erolcha (D:10)
  6 hydras
  Erica (D:8)
  6 two-headed ogres (Volcano)
  A catoblepas (Lair:3)
  A death yak (Lair:4)
  An ogre mage (Volcano)
  Urug (Lair:1)
  Nergalle (Lair:1)
  5 black mambas
  A torpor snail (Lair:4)
  Maurice (D:8)
  3 spiny frogs
  3 rime drakes
  A redback zombie (D:10)
  13 komodo dragons
  The ghost of Clumpoid the Magician, a novice DEFE (D:4)
  A polar bear (Lair:6)
  2 jumping spiders (Lair:4)
  7 hornets (Lair:6)
  A tyrant leech (Lair:2)
  A queen bee (D:10)
  19 blink frogs
  8 hippogriffs
  2 redbacks (Lair:4)
  11 spriggans (Lair:6)
  3 wyverns
  30 yaks
  2 basilisks
  2 steam dragons
  Grum (D:8)
  Menkaure (D:4)
  A swamp worm (Lair:2)
  15 water moccasins
  7 porcupines
  A phantom (D:7)
  5 black bears
  3 orc warriors
  An ice beast (D:6)
  2 necrophages
  27 wolves
  4 ogres
  5 boggarts (Lair:6)
  2 centaurs
  8 crocodiles
  3 big kobolds
  11 bullfrogs
  A wyvern skeleton (D:10)
  4 scorpions
  29 killer bees (D:10)
  4 wights (D:7)
  4 howler monkeys
  4 crimson imps
  A centaur zombie (D:6)
  3 bullfrog zombies
  5 jellies
  2 orc priests
  3 hounds
  A bullfrog skeleton (D:9)
  Jessica (D:6)
  A gnoll shaman (D:4)
  2 iguanas
  2 orc wizards (D:10)
  3 worker ants
  2 hell rats
  A hound zombie (D:6)
  2 hound skeletons
  2 worker ant zombies
  8 gnolls
  13 adders
  15 river rats
  2 shadow imps
  An ooze (D:1)
  2 adder skeletons
  3 dart slugs
  5 leopard geckos
  21 orcs
  8 giant cockroaches
  8 goblins
  7 hobgoblins
  14 jackals
  2 quokkas (D:3)
  12 ball pythons
  6 bats
  4 frilled lizards
  A giant cockroach zombie (D:6)
  2 jackal zombies
  21 kobolds
  26 rats
  A butterfly (Lair:6)
492 creatures vanquished.

Vanquished Creatures (collateral kills)
  A spriggan (Lair:6)
  A river rat (Lair:6)
2 creatures vanquished.

Vanquished Creatures (others)
  5 dream sheep (Lair:3)
  A spriggan (Lair:6)
  25 fungi
  6 plants (Lair:6)
37 creatures vanquished.

Grand Total: 531 creatures vanquished

Notes
Turn   | Place    | Note
-------+----------+-------------------------------------------
     0 | D:1      | JeffiDaFish the Spriggan Enchanter began the quest for the
                  | Orb.
     0 | D:1      | Reached XP level 1. HP: 9/9 MP: 5/5
   586 | D:1      | Reached XP level 2. HP: 7/13 MP: 4/7
   838 | D:1      | Reached skill level 4 in Hexes
  1269 | D:1      | Learned a level 2 spell: Ensorcelled Hibernation
  1454 | D:2      | Reached XP level 3. HP: 16/16 MP: 6/8
  1650 | D:2      | Found a glowing silver altar of Zin.
  1662 | D:2      | Reached skill level 5 in Stealth
  1872 | D:2      | Found a shattered altar of Ashenzari.
  2208 | D:2      | Reached XP level 4. HP: 21/21 MP: 10/10
  3098 | D:2      | Learned a level 3 spell: Confuse
  3206 | D:3      | Found an iron altar of Okawaru.
  3869 | D:3      | Reached XP level 5. HP: 24/24 MP: 9/12
  3961 | D:3      | Reached skill level 5 in Hexes
  4438 | D:4      | Found a runed translucent door.
  4443 | D:4      | Noticed Clumpoid's ghost (novice DEFE)
  4699 | D:4      | Found a glowing drain.
  4704 | Sewer    | Entered a sewer
  5224 | Sewer    | Reached skill level 5 in Spellcasting
  5224 | Sewer    | Reached XP level 6. HP: 13/28 MP: 3/14
  5565 | Sewer    | Reached skill level 6 in Hexes
  5635 | Sewer    | Learned a level 3 spell: Dazzling Spray
  6314 | D:4      | Noticed Menkaure
  6321 | D:4      | Killed Menkaure
  6321 | D:4      | Reached skill level 5 in Dodging
  6321 | D:4      | Reached XP level 7. HP: 32/32 MP: 16/16
  6654 | D:4      | Killed Clumpoid's ghost
  6654 | D:4      | Reached skill level 7 in Hexes
  6660 | D:4      | Found a glowing golden altar of the Shining One.
  6875 | D:4      | Found a runed translucent door.
  6988 | D:4      | Found the +3 giant club "Skullcrusher" {speed, Str+7}
  7171 | D:5      | Entered Level 5 of the Dungeon
  7333 | D:5      | Reached XP level 8. HP: 28/36 MP: 18/19
  7649 | D:5      | Reached skill level 8 in Hexes
  7989 | D:6      | Found a shadowy altar of Dithmenos.
  8621 | D:6      | Found an ornate altar of the Wu Jian Council.
  8782 | D:6      | Noticed Jessica
  8792 | D:6      | Killed Jessica
  8793 | D:6      | Found a deep blue altar of Sif Muna.
  8801 | D:6      | Became a worshipper of Sif Muna the Loreminder
  9033 | D:7      | Found a staircase to the Ecumenical Temple.
  9278 | D:7      | Found an ancient bone altar of Kikubaaqudgha.
  9342 | D:7      | Gained mutation: Potions are less effective at restoring
                  | your health. [potion of mutation]
  9342 | D:7      | Gained mutation: You are partially covered in rugged brown
                  | scales. (AC +1, +3% HP) [potion of mutation]
  9342 | D:7      | Gained mutation: You are weak. (Str -2) [potion of
                  | mutation]
  9342 | D:7      | Gained mutation: You have sharp fingernails. [potion of
                  | mutation]
  9363 | D:7      | Reached skill level 9 in Hexes
  9363 | D:7      | Reached XP level 9. HP: 15/40 MP: 16/22
  9627 | D:7      | Reached * piety under Sif Muna
 10287 | D:8      | Noticed Grum
 10292 | D:8      | Killed Grum
 10304 | D:8      | Reached skill level 10 in Hexes
 10452 | D:8      | Reached skill level 10 in Spellcasting
 10700 | D:8      | Noticed Maurice
 11116 | D:8      | Noticed Erica
 11137 | D:8      | Killed Erica
 11137 | D:8      | Reached ** piety under Sif Muna
 11137 | D:8      | Reached skill level 10 in Stealth
 11137 | D:8      | Reached XP level 10. HP: 38/45 MP: 25/25
 11187 | D:8      | Killed Maurice
 11211 | D:8      | Reached skill level 11 in Hexes
 11758 | D:8      | Found a radiant altar of Vehumet.
 11780 | D:8      | Found an ornate altar of the Wu Jian Council.
 12009 | D:9      | Found a shattered altar of Ashenzari.
 12501 | D:9      | Found a staircase to the Lair.
 12614 | D:10     | Entered Level 10 of the Dungeon
 12623 | D:10     | Found Meessi's Jewellery Shop.
 12645 | D:10     | Bought a +4 ring of intelligence for 351 gold pieces
 12694 | D:10     | Reached skill level 10 in Dodging
 12700 | D:10     | Noticed Erolcha
 12711 | D:10     | Killed Erolcha
 12711 | D:10     | Reached *** piety under Sif Muna
 12711 | D:10     | Reached skill level 12 in Hexes
 12711 | D:10     | Reached XP level 11. HP: 48/48 MP: 17/27
 13481 | D:10     | Noticed an orange crystal statue
 13570 | Lair:1   | Entered Level 1 of the Lair of Beasts
 13570 | Lair:1   | Noticed a seven-headed hydra
 13580 | Lair:1   | Killed a seven-headed hydra
 13652 | Lair:1   | Found a dark tunnel.
 13660 | Volcano  | Entered a volcano
 13660 | Volcano  | Noticed a two-headed ogre
 13661 | Volcano  | Noticed a two-headed ogre
 13667 | Volcano  | Killed a two-headed ogre
 13684 | Volcano  | Noticed a two-headed ogre
 13686 | Volcano  | Noticed a two-headed ogre
 13692 | Volcano  | Killed a two-headed ogre
 13692 | Volcano  | Reached **** piety under Sif Muna
 13698 | Volcano  | Noticed a hell knight
 13704 | Volcano  | Noticed a two-headed ogre
 13705 | Volcano  | Killed a two-headed ogre
 13705 | Volcano  | Reached skill level 13 in Hexes
 13719 | Volcano  | Noticed a two-headed ogre
 13720 | Volcano  | Noticed an ogre mage
 13720 | Volcano  | Noticed a two-headed ogre
 13729 | Volcano  | Killed a two-headed ogre
 13758 | Volcano  | Killed a two-headed ogre
 13759 | Volcano  | Killed an ogre mage
 13763 | Volcano  | Killed a two-headed ogre
 13980 | Lair:1   | Noticed a four-headed hydra
 13996 | Lair:1   | Noticed Urug
 14004 | Lair:1   | Reached XP level 12. HP: 25/52 MP: 30/30
 14250 | Lair:1   | Killed a four-headed hydra
 14422 | Lair:1   | You fall through a shaft!
 14574 | Lair:1   | Lost mutation: Potions are less effective at restoring your
                  | health. [potion of mutation]
 14574 | Lair:1   | Lost mutation: You are partially covered in rugged brown
                  | scales. (AC +1, +3% HP) [potion of mutation]
 14574 | Lair:1   | Gained mutation: You have an increased reservoir of magic.
                  | (+10% MP) [potion of mutation]
 14574 | Lair:1   | Gained mutation: You have sharp toenails. [potion of
                  | mutation]
 14673 | Lair:1   | Killed Urug
 14751 | Lair:1   | Noticed Nergalle
 14765 | Lair:1   | Killed Nergalle
 14765 | Lair:1   | Reached skill level 5 in Short Blades
 14765 | Lair:1   | Reached skill level 14 in Hexes
 15138 | Lair:2   | Found a staircase to the Swamp.
 15385 | Lair:2   | Reached ***** piety under Sif Muna
 15458 | Lair:2   | Identified Sif Muna's Catalogue of Flight and the Escort
                  | (Sif Muna gifted it to you on level 2 of the Lair of
                  | Beasts)
 15458 | Lair:2   | Received a gift from Sif Muna
 16014 | Lair:3   | Noticed a catoblepas
 16018 | Lair:3   | Killed a catoblepas
 16044 | Lair:3   | Reached skill level 1 in Shields
 16157 | Lair:3   | Found a shimmering altar of Xom.
 17012 | Lair:4   | Reached skill level 15 in Hexes
 17122 | Lair:4   | Reached XP level 13. HP: 55/55 MP: 35/35
 17167 | Lair:4   | Found a hole to the Spider Nest.
 18261 | Lair:5   | Found a staircase to the Slime Pits.
 18262 | Lair:5   | Found a viscous altar of Jiyva.
 18602 | Lair:5   | Learned a level 5 spell: Venom Bolt
 18666 | Lair:5   | Reached skill level 15 in Spellcasting
 18844 | Lair:6   | Entered Level 6 of the Lair of Beasts
 19033 | Lair:6   | Reached skill level 1 in Poison Magic
 19132 | Lair:6   | Identified Sif Muna's Volume of Hexes and the Glacier (Sif
                  | Muna gifted it to you on level 6 of the Lair of Beasts)
 19132 | Lair:6   | Received a gift from Sif Muna
 19436 | Lair:6   | Reached skill level 16 in Hexes
 19650 | Lair:6   | Reached skill level 15 in Stealth
 20190 | Lair:6   | Learned a level 5 spell: Metabolic Englaciation
 20196 | Lair:6   | Learned a level 5 spell: Summon Mana Viper
 20202 | Lair:6   | Learned a level 4 spell: Force Lance
 20211 | Lair:6   | Learned a level 8 spell: Discord
 20601 | Lair:6   | Reached skill level 1 in Translocations
 20620 | Lair:6   | Reached XP level 14. HP: 30/59 MP: 38/38
 20957 | Lair:6   | Slain by a death yak

Levels and vault maps discovered:
D:1:      dpeg_arrival_chambers_temple_mockup, layout_basic
D:2:      layout_basic, zin_academy, first_ration, ashenzari_altar_1
D:3:      layout_basic, okawaru_gym_becter, serial_forest,
          infiniplex_forest_lined_3_way, infiniplex_forest_straight_3,
          infiniplex_forest_clump_small, infiniplex_forest_corner_1,
          infiniplex_forest_clump_diagonal
D:4:      layout_basic, nicolae_overflow_crystal_walls, ebering_ghost_sewer_f,
          portal_sewer_entry_e, kennysheep_nub, uniq_menkaure
D:5:      layout_loops_cross
D:6:      layout_basic, tgw_sif, kennysheep_mini_moat,
          nicolae_dithmenos_through_a_glass_darkly
D:7:      layout_cave_pools, minmay_temple_entry_drinking_statues, basic_altar,
          grunt_ogre_cave
D:8:      layout_rooms, vehumet_statue, basic_altar, uniq_grum, uniq_erica,
          uniq_maurice
D:9:      layout_loops_ring, lemuel_doored_altar, grunt_lair_entry_orc_guard_hut
D:10:     layout_cave_pools, serial_shops, shop, special_room
          [special_room_bee], david_greed, uniq_erolcha
Lair:1:   layout_regular_city, enter_volcano_1, uniq_nergalle, uniq_urug
Lair:2:   layout_gridlike, minmay_swamp_entry_worms, beast_lair_carwin_3
Lair:3:   layout_gridlike, kb_xom_exploding_sheep
Lair:4:   layout_cave_pods, spider_nest_entry_a
Lair:5:   layout_loops_ring, slime_altar_1, minivault_11
Lair:6:   minmay_lair_end_enchanted_forest, layout_long_grid,
          serial_bayou_pond_e, kennysheep_rathole, lemuel_fruit_fields
Sewer:    sewer_minmay_treatment
Volcano:  volcano_caves

Skill      XL: |  1  2  3  4  5  6  7  8  9 10 11 12 13 14 |
---------------+-------------------------------------------+-----
Spellcasting   | 3 4 5 7 8 10 11 13 14 15 | 15.8
Hexes          | 4 5 6 7 9 10 12 13 15 16 | 16.4
Stealth        | 5 6 7 8 10 11 12 14 15 | 15.5
Dodging        | 4 5 6 7 8 10 | 10.2
Short Blades   | 4 5 6 |  6.0
Shields        | 2 4 |  4.0
Poison Magic   | 2 |  2.8
Translocations | 1 |  1.6

Action                   |  1- 3 |  4- 6 |  7- 9 | 10-12 | 13-15 || total
-------------------------+-------+-------+-------+-------+-------++-------
Melee: Dagger            |   157 |   236 |   286 |   253 |   225 ||  1157
       Kick              |       |       |       |    15 |    36 ||    51
 Cast: Corona            |    24 |    17 |       |       |       ||    41
       Ensorcelled Hiber |     7 |    62 |    58 |   142 |   109 ||   378
       Confuse           |       |    10 |    40 |    37 |    78 ||   165
       Dazzling Spray    |       |     4 |    17 |    13 |    14 ||    48
       Summon Mana Viper |       |       |       |       |     3 ||     3
Invok: Forget Spell      |       |       |       |       |     1 ||     1
Evoke: Wand              |       |       |       |       |     6 ||     6
  Use: Scroll            |     3 |     8 |     3 |    12 |     2 ||    28
       Potion            |     2 |     5 |     3 |     3 |     1 ||    14
 Stab: Sleeping          |    13 |    44 |    43 |   119 |    79 ||   298
       Confused          |       |     4 |    24 |    28 |    29 ||    85
       Distracted        |       |     1 |     1 |     2 |     1 ||     5
       Invisible         |       |       |     7 |     4 |     5 ||    16
  Eat: Ration            |       |     3 |     2 |     3 |     2 ||    10
Armor: Robe              |    25 |    17 |    12 |     1 |       ||    55
       Steam dragon scal |       |       |       |    12 |     7 ||    19
Dodge: Dodged            |   171 |   259 |   296 |   216 |   173 ||  1115
Block: Buckler           |       |       |       |       |    63 ||    63

Table legend:
 A = Non-vault XP
 B = Vault XP
 C = Vault XP percentage of total XP
 D = Non-vault monster count
 E = Vault monster count
 F = Vault count percentage of total count
                 A         B        C        D         E       F
            +---------+---------+-------+---------+---------+-------
      Total |   41229 |   24917 |  37.7 |     329 |     168 |  33.8
            +---------+---------+-------+---------+---------+-------
        D:1 |      39 |       0 |   0.0 |      20 |       0 |   0.0
        D:2 |      75 |       0 |   0.0 |      24 |       0 |   0.0
        D:3 |     122 |       0 |   0.0 |      28 |       0 |   0.0
        D:4 |     275 |     562 |  67.1 |      15 |      12 |  44.4
        D:5 |     566 |       0 |   0.0 |      17 |       0 |   0.0
        D:6 |     395 |      37 |   8.6 |      16 |       1 |   5.9
        D:7 |    1460 |     112 |   7.1 |      31 |       1 |   3.1
        D:8 |    2058 |    1795 |  46.6 |      20 |       5 |  20.0
        D:9 |     729 |     690 |  48.6 |      10 |       6 |  37.5
       D:10 |    1920 |    2503 |  56.6 |      23 |      21 |  47.7
     Lair:1 |    4806 |    1604 |  25.0 |      18 |       2 |  10.0
     Lair:2 |    3311 |    2140 |  39.3 |      19 |       8 |  29.6
     Lair:3 |    4456 |       0 |   0.0 |      18 |       0 |   0.0
     Lair:4 |    4195 |    1029 |  19.7 |      13 |       4 |  23.5
     Lair:5 |    5022 |     158 |   3.1 |      18 |       2 |  10.0
     Lair:6 |   11800 |    7805 |  39.8 |      39 |      51 |  56.7
      Sewer |       0 |     331 | 100.0 |       0 |      48 | 100.0
    Volcano |       0 |    6151 | 100.0 |       0 |       7 | 100.0
            +---------+---------+-------+---------+---------+-------
